[Event "Titled Tuesday Blitz August 08 Late 2023"]
[White "UgarteCesar"]
[Black "Salazar Farias, Luis German"]
[BlackFideId "3902170"]
[WhiteElo "2318"]
[BlackElo "2450"]
[Result "1/2-1/2"]
[Round "6"]
[TimeControl "180+1"]
[Date "2023.08.08"]
[WhiteClock "0:01:28"]
[BlackClock "0:00:04"]
[Board "120"]

1. d4 Nf6 2. Bg5 d5 3. Bxf6 gxf6 4. g3 c5 5. e3 Nc6 6. c3 e5 7. Ne2 Be6 8. Bg2 Qb6 9. Qb3 O-O-O 10. O-O h5 11. h4 Kb8 12. Nd2 cxd4 13. cxd4 exd4 14. Qxb6 axb6 15. Nxd4 Nxd4 16. exd4 f5 17. Nb1 f4 18. Nc3 fxg3 19. fxg3 Bg7 20. Rad1 Rd7 21. Kh2 Rc8 22. Bf3 Rc4 23. Rd3 Bxd4 24. Rfd1 Be5 25. Nxd5 Rxh4+ 26. Kg2 Ra4 27. Nxb6 Rxd3 28. Rxd3 Rxa2 29. Nd7+ Bxd7 30. Rxd7 Rxb2+ 31. Kh3 Rb3 32. Rxf7 b5 33. Rf5 Bc7 34. Rxh5 Ka7 35. Bd5 Rxg3+ 36. Kh4 Rc3 37. Be6 Kb6 38. Bd7 Rc5 39. Rxc5 Kxc5 40. Bxb5 1/2-1/2


[Site "https://www.chess.com"]

[Event "Titled Tuesday Blitz August 08 Late 2023"]
[White "Talbi, Chafik"]
[Black "Kielinkei"]
[WhiteFideId "7903715"]
[WhiteElo "2312"]
[BlackElo "2444"]
[Result "0-1"]
[Round "6"]
[TimeControl "180+1"]
[Date "2023.08.08"]
[WhiteClock "0:00:00"]
[BlackClock "0:00:04"]
[Board "121"]

1. e4 d6 2. d4 Nf6 3. Nc3 Nbd7 4. Nf3 e5 5. g3 Be7 6. Bg2 O-O 7. O-O c6 8. h3 Qc7 9. a4 Re8 10. Kh2 h6 11. Be3 g5 12. Qd2 Nf8 13. Rfd1 Ng6 14. d5 c5 15. Nb5 Qd8 16. Nc3 Kg7 17. Qe1 g4 18. Nd2 gxh3 19. Bxh3 Bxh3 20. Kxh3 Qd7+ 21. Kg2 Ng4 22. Nc4 h5 23. Qe2 h4 24. Rh1 Rh8 25. Qf3 Rag8 26. Rag1 h3+ 27. Kf1 Kf8 28. Qf5 Ke8 29. Qxd7+ Kxd7 30. Ke2 Bd8 31. f3 Nf6 32. Bg5 Ne8 33. Bxd8 Kxd8 34. Nb5 Kd7 35. Nxa7 Nc7 36. Nb5 Nxb5 37. axb5 Ra8 38. Ra1 Rxa1 39. Rxa1 f6 40. Rh1 Ne7 41. Ne3 Ke8 42. Ng4 Kf7 43. Nf2 h2 44. Ng4 Ra8 45. Rxh2 Kg7 46. b3 Ra2 47. Kd3 Ra5 48. c4 Ra3 49. Kc3 Nc8 50. Ne3 Nb6 51. Nf5+ Kg6 52. Nxd6 Na4+ 53. Kd3 Rxb3+ 54. Kc2 Rb2+ 55. Kd3 Rxh2 56. Nxb7 Nb2+ 57. Kc3 Nd1+ 58. Kd3 Rg2 59. Nxc5 Rxg3 60. b6 Rg2 61. b7 Rb2 62. d6 Nf2+ 0-1


[Site "https://www.chess.com"]

[Event "Titled Tuesday Blitz August 08 Late 2023"]
[White "chessmateto"]
[Black "De Souza, Cristiano Gomes"]
[BlackFideId "2151758"]
[WhiteElo "2429"]
[BlackElo "2244"]
[Result "0-1"]
[Round "6"]
[TimeControl "180+1"]
[Date "2023.08.08"]
[WhiteClock "0:00:27"]
[BlackClock "0:01:19"]
[Board "122"]

1. c4 Nf6 2. Nc3 g6 3. g3 Bg7 4. Bg2 O-O 5. Nf3 d6 6. O-O Nc6 7. d4 Bf5 8. Nh4 Bd7 9. e4 e5 10. d5 Nd4 11. Be3 Ng4 12. Bxd4 exd4 13. Ne2 Ne5 14. Rc1 d3 15. Nd4 c5 16. Nb5 Bxb5 17. cxb5 h5 18. f4 Ng4 19. Qxd3 Bxb2 20. h3 Bd4+ 21. Kh1 Nf2+ 22. Rxf2 Bxf2 23. e5 dxe5 24. fxe5 Qg5 25. Rc3 Qxe5 26. Qf3 Qe1+ 27. Kh2 Qg1# 0-1


[Site "https://www.chess.com"]

[Event "Titled Tuesday Blitz August 08 Late 2023"]
[White "Ladan, Nicholas"]
[Black "Sarkar, Justin"]
[WhiteFideId "30918855"]
[BlackFideId "2010011"]
[WhiteElo "2427"]
[BlackElo "2242"]
[Result "1-0"]
[Round "6"]
[TimeControl "180+1"]
[Date "2023.08.08"]
[WhiteClock "0:00:06"]
[BlackClock "0:00:00"]
[Board "123"]

1. b4 c6 2. Bb2 a5 3. a3 axb4 4. axb4 Rxa1 5. Bxa1 Nf6 6. Na3 Na6 7. b5 Qa5 8. bxa6 Qxa3 9. axb7 Bxb7 10. e3 e6 11. Qb1 Qa7 12. Nf3 Be7 13. Bd3 O-O 14. O-O Ba6 15. c4 h6 16. Qc2 c5 17. e4 d6 18. e5 dxe5 19. Nxe5 Qc7 20. Re1 Ra8 21. Bf1 Bb7 22. Bc3 Nd7 23. Ng4 h5 24. Ne3 Bf6 25. Rb1 Bxc3 26. Qxc3 Bc6 27. h3 Qe5 28. Qxe5 Nxe5 29. Rb6 g5 30. h4 g4 31. Rb1 Rd8 32. Rd1 Be4 33. Be2 Bd3 34. Kf1 Rd4 35. Bxd3 Nxd3 36. g3 Nb2 37. Rb1 Nxc4 38. Ke2 Nxe3 39. fxe3 Rb4 40. Rc1 c4 41. Ra1 Rb3 42. Ra5 c3 43. dxc3 Rxc3 44. Rxh5 Rc2+ 45. Kd3 f6 46. Ke4 Rg2 47. Kf4 f5 48. e4 Kg7 49. exf5 exf5 50. Rg5+ Kh6 51. Rxf5 1-0


[Site "https://www.chess.com"]

[Event "Titled Tuesday Blitz August 08 Late 2023"]
[White "Vafin, Ayrat"]
[Black "Karas, Marek"]
[WhiteFideId "4146530"]
[BlackFideId "14928558"]
[WhiteElo "2309"]
[BlackElo "2424"]
[Result "0-1"]
[Round "6"]
[TimeControl "180+1"]
[Date "2023.08.08"]
[WhiteClock "0:00:01"]
[BlackClock "0:01:06"]
[Board "124"]

1. Nf3 g6 2. g3 Bg7 3. d4 d6 4. Bg2 Nf6 5. O-O O-O 6. c4 c6 7. Nc3 Bf5 8. Bg5 Ne4 9. Nxe4 Bxe4 10. b3 d5 11. Be3 c5 12. dxc5 Bxa1 13. Qxa1 dxc4 14. Bh6 f6 15. Rd1 Qc7 16. Bh3 Na6 17. Rd7 Qxc5 18. Be6+ Kh8 19. Ng5 Bc6 20. Bxf8 Rxf8 21. Rd1 Qxg5 22. bxc4 Nc5 23. Bd5 Qe5 24. Qxe5 fxe5 25. Bxc6 bxc6 26. Rb1 Rd8 27. f3 Kg7 28. Kf2 Rd2 29. Ke3 Rxa2 30. Rb8 Ra3+ 31. Kd2 Rb3 32. Rc8 Rb4 33. Rxc6 Rxc4 34. Ke3 Rc3+ 35. Kd2 Ne4+ 36. fxe4 Rxc6 0-1


[Site "https://www.chess.com"]

[Event "Titled Tuesday Blitz August 08 Late 2023"]
[White "Lacey, Patrick"]
[Black "Sabar Ethmane Daouda"]
[WhiteFideId "2032007"]
[BlackFideId "19600097"]
[WhiteElo "2410"]
[BlackElo "2217"]
[Result "1-0"]
[Round "6"]
[TimeControl "180+1"]
[Date "2023.08.08"]
[WhiteClock "0:00:06"]
[BlackClock "0:00:00"]
[Board "125"]

1. Nf3 d5 2. c4 c6 3. cxd5 cxd5 4. d4 Nc6 5. Nc3 Bf5 6. Qb3 Nf6 7. Qxb7 Rc8 8. e3 Rc7 9. Qb3 e6 10. Bb5 Bd6 11. Bd2 O-O 12. Ne2 Rb7 13. Qa4 Nb4 14. Bxb4 Bxb4+ 15. Qxb4 a6 16. a4 axb5 17. axb5 Qb6 18. Nc3 Bd3 19. Ra5 Rfb8 20. Ne5 Bc4 21. Nxc4 dxc4 22. O-O Nd5 23. Nxd5 exd5 24. Rfa1 h5 25. b3 cxb3 26. Qxb3 Qd6 27. g3 h4 28. Ra6 Qd7 29. b6 h3 30. R1a5 Qg4 31. Qd3 Qf3 32. Qf1 Rxb6 33. Rxb6 Rxb6 34. Ra8+ Kh7 35. Qxh3+ Kg6 36. Qf1 Rb2 37. Ra6+ f6 38. Ra1 Rd2 39. Qg2 Qe2 40. Rf1 Qc4 41. Qf3 Kf7 42. h4 1-0


[Site "https://www.chess.com"]

[Event "Titled Tuesday Blitz August 08 Late 2023"]
[White "Slovineanu, Viacheslav"]
[Black "Butti, Enrique"]
[WhiteFideId "13900510"]
[BlackFideId "3700470"]
[WhiteElo "2409"]
[BlackElo "2213"]
[Result "1-0"]
[Round "6"]
[TimeControl "180+1"]
[Date "2023.08.08"]
[WhiteClock "0:00:27"]
[BlackClock "0:00:29"]
[Board "126"]

1. e4 c5 2. Nf3 d6 3. d4 cxd4 4. Nxd4 Nf6 5. Nc3 a6 6. f3 Nc6 7. Be3 Nxd4 8. Bxd4 e5 9. Be3 Be6 10. Qd2 Rc8 11. O-O-O Qa5 12. Kb1 Be7 13. g4 Rxc3 14. Qxc3 Qxa2+ 15. Kc1 O-O 16. Qa3 Qxa3 17. bxa3 Rd8 18. g5 Nh5 19. Kb2 d5 20. exd5 Bxd5 21. Be2 Nf4 22. Bxf4 exf4 23. c4 Bc6 24. Rxd8+ Bxd8 25. h4 Bc7 26. Rf1 Be5+ 27. Kb3 g6 28. Bd3 f6 29. Be4 Bxe4 30. fxe4 fxg5 31. hxg5 Kf7 32. c5 Ke6 33. Kc4 Bc7 34. Rh1 Bd8 35. Rxh7 Bxg5 36. Rxb7 f3 37. Kd3 Bf4 38. Rb6+ Kf7 39. c6 g5 40. c7 Bxc7 41. Rb7 g4 42. Rxc7+ Kf6 43. Ke3 1-0


[Site "https://www.chess.com"]

[Event "Titled Tuesday Blitz August 08 Late 2023"]
[White "KorolDimitriy75"]
[Black "Guevara Sanchez, Erick Marvin"]
[BlackFideId "6700136"]
[WhiteElo "2405"]
[BlackElo "2134"]
[Result "1-0"]
[Round "6"]
[TimeControl "180+1"]
[Date "2023.08.08"]
[WhiteClock "0:00:20"]
[BlackClock "0:00:27"]
[Board "127"]

1. d4 Nf6 2. c4 e6 3. Nc3 Bb4 4. Qc2 O-O 5. e4 d5 6. cxd5 exd5 7. e5 Ne4 8. Bd3 f5 9. Ne2 Be6 10. O-O Nd7 11. Nf4 Qe7 12. Ncxd5 Qf7 13. Nxe6 Qxe6 14. Nxb4 Kh8 15. Bxe4 fxe4 16. Qxe4 Nf6 17. Qh4 Ng4 18. h3 Nh6 19. Bxh6 gxh6 20. b3 Rf7 21. f4 Qb6 22. Nc2 Rg8 23. Rf2 c5 24. d5 c4 25. bxc4 Rfg7 26. Ne1 Qd4 27. Rc1 Rg6 28. Rc2 Qe4 29. Rce2 Qxc4 30. e6 Qxd5 31. e7 Re8 32. f5 Rg5 33. f6 Qf7 34. Qxh6 Rg6 35. Qe3 a6 36. Qe6 Kg8 37. Nd3 Qxe6 38. Rxe6 Kf7 39. Rb6 Rb8 40. Ne5+ Kg8 41. Nxg6 hxg6 42. f7+ Kg7 43. f8=Q+ Rxf8 44. exf8=Q+ Kh7 45. Rf7# 1-0


[Site "https://www.chess.com"]

[Event "Titled Tuesday Blitz August 08 Late 2023"]
[White "Tharushi, T H D Niklesha"]
[Black "Mazurkiewicz, Michal"]
[WhiteFideId "9918264"]
[BlackFideId "1124943"]
[WhiteElo "2127"]
[BlackElo "2404"]
[Result "0-1"]
[Round "6"]
[TimeControl "180+1"]
[Date "2023.08.08"]
[WhiteClock "0:00:28"]
[BlackClock "0:00:24"]
[Board "128"]

1. e4 d6 2. d4 Nf6 3. Nc3 c6 4. Nf3 Bg4 5. h3 Bh5 6. g4 Bg6 7. Qe2 e6 8. Bg5 Be7 9. O-O-O d5 10. Ne5 Nxe4 11. Bxe7 Nxc3 12. Bxd8 Nxe2+ 13. Bxe2 Kxd8 14. h4 f6 15. h5 Be8 16. Nd3 Nd7 17. f4 Kc7 18. c3 Kd6 19. Bf3 Bf7 20. Rde1 Rae8 21. Re2 e5 22. fxe5+ fxe5 23. dxe5+ Nxe5 24. Nxe5 Rxe5 25. Rxe5 Kxe5 26. Re1+ Kd6 27. Kd2 h6 28. Bd1 Re8 29. Rf1 Be6 30. Bc2 Ke7 31. Rg1 Rf8 32. Ke3 Kf6 33. Rf1+ Ke7 34. Rg1 c5 35. g5 Bf5 36. Bb3 Be4 37. gxh6 gxh6 38. Rg7+ Rf7 39. Rxf7+ Kxf7 40. c4 Ke6 41. Bd1 Ke5 42. cxd5 Bxd5 43. b3 a5 44. Bg4 b5 45. Bd7 b4 46. Bb5 Bf7 47. Be2 Kf5 48. Kd3 Kg5 49. Bf3 Bxh5 50. Bd5 Kf6 51. Kc4 Bf7 52. Bxf7 Kxf7 53. Kxc5 Kf6 54. Kb5 h5 55. Kxa5 h4 56. Kxb4 h3 57. a4 h2 58. a5 h1=Q 59. Kb5 Qb7+ 60. Ka4 Ke6 61. b4 Kd5 62. b5 Kc4 63. b6 Qc6+ 64. Ka3 Qb5 65. b7 Qb3# 0-1


[Site "https://www.chess.com"]

[Event "Titled Tuesday Blitz August 08 Late 2023"]
[White "Gabdushev, Ruslan"]
[Black "laskakid"]
[WhiteFideId "4137833"]
[WhiteElo "2399"]
[BlackElo "2095"]
[Result "0-1"]
[Round "6"]
[TimeControl "180+1"]
[Date "2023.08.08"]
[WhiteClock "0:00:27"]
[BlackClock "0:00:40"]
[Board "129"]

1. g3 Nf6 2. Bg2 g6 3. c3 Bg7 4. e4 e5 5. d4 d6 6. dxe5 dxe5 7. Qxd8+ Kxd8 8. h3 Be6 9. Be3 Nbd7 10. Nd2 a5 11. f4 Nh5 12. Ne2 Bh6 13. Kf2 Rf8 14. f5 Bxe3+ 15. Kxe3 gxf5 16. exf5 Bxf5 17. g4 Nf4 18. Nxf4 exf4+ 19. Kxf4 Be6 20. b3 c6 21. Ne4 h6 22. c4 f5 23. gxf5 Rxf5+ 24. Ke3 a4 25. b4 Kc7 26. c5 Rg8 27. Bf3 Ne5 28. Bg4 Nxg4+ 29. hxg4 Rxg4 30. Rxh6 Re5 0-1


[Site "https://www.chess.com"]

[Event "Titled Tuesday Blitz August 08 Late 2023"]
[White "Djordjevic, Dejan N"]
[Black "Muhammad Shahzeb"]
[WhiteFideId "913316"]
[BlackFideId "7804806"]
[WhiteElo "2053"]
[BlackElo "2398"]
[Result "1-0"]
[Round "6"]
[TimeControl "180+1"]
[Date "2023.08.08"]
[WhiteClock "0:00:49"]
[BlackClock "0:00:00"]
[Board "130"]

1. e4 d5 2. exd5 Nf6 3. d4 Nxd5 4. Nf3 Nb6 5. c4 g6 6. Nc3 Bg7 7. h3 O-O 8. Be3 Nc6 9. Be2 e5 10. d5 Ne7 11. O-O Nf5 12. Bc5 Re8 13. Rc1 Nd7 14. Ba3 e4 15. Nh2 e3 16. f4 Ng3 17. Rf3 Qh4 18. Qe1 Nxe2+ 19. Nxe2 Qd8 20. Nf1 Nf6 21. Rxe3 Bf5 22. Neg3 Qd7 23. Re7 Rxe7 24. Qxe7 Qa4 25. b3 Qa5 26. Nxf5 gxf5 27. Ng3 Re8 28. Qb4 Qa6 29. Nxf5 Bf8 30. d6 cxd6 31. Bb2 d5 32. Qc3 Qb6+ 33. Kh1 Qe6 34. Qxf6 Qxf6 35. Bxf6 Re2 36. cxd5 Rf2 37. g3 h5 38. h4 Rxa2 39. d6 Rd2 40. Rc8 1-0


[Site "https://www.chess.com"]

[Event "Titled Tuesday Blitz August 08 Late 2023"]
[White "Carrasco Miranda, Andres"]
[Black "Michalczak, Thomas"]
[WhiteFideId "3405990"]
[BlackFideId "4622634"]
[WhiteElo "2345"]
[BlackElo "2485"]
[Result "1/2-1/2"]
[Round "6"]
[TimeControl "180+1"]
[Date "2023.08.08"]
[WhiteClock "0:00:23"]
[BlackClock "0:00:24"]
[Board "131"]

1. d4 Nf6 2. c4 e6 3. g3 d5 4. Bg2 Be7 5. Nf3 O-O 6. O-O dxc4 7. Qa4 a6 8. Qxc4 b5 9. Qc2 Bb7 10. Bd2 Ra7 11. Rc1 Bd6 12. Bg5 Nbd7 13. Nbd2 Qa8 14. Nb3 Be4 15. Qd2 a5 16. Nc5 Nxc5 17. dxc5 Be7 18. Ne1 Bxg2 19. Bxf6 Bxf6 20. Nxg2 Rd8 21. Qc2 c6 22. Rd1 Rad7 23. Rxd7 Rxd7 24. Ne1 Qd8 25. Nd3 Rd4 26. a4 Rc4 27. Qd1 b4 28. Rc1 Rd4 29. b3 Rd5 30. Rc4 Bd4 31. Qc2 e5 32. Kg2 h6 33. Ne1 Bc3 34. Nf3 Qe7 35. Qf5 Rxc5 36. Rxc5 Qxc5 37. Qc8+ Kh7 38. Qf5+ Kg8 39. Qc8+ Kh7 40. Qf5+ Kg8 1/2-1/2


[Site "https://www.chess.com"]

[Event "Titled Tuesday Blitz August 08 Late 2023"]
[White "Womacka, Mathias"]
[Black "Smiechu"]
[WhiteFideId "4611390"]
[WhiteElo "2477"]
[BlackElo "2342"]
[Result "0-1"]
[Round "6"]
[TimeControl "180+1"]
[Date "2023.08.08"]
[WhiteClock "0:00:00"]
[BlackClock "0:00:53"]
[Board "132"]

1. e4 c5 2. Nf3 g6 3. d4 cxd4 4. Nxd4 Nc6 5. c4 Nf6 6. Nc3 Nxd4 7. Qxd4 d6 8. Be2 Bg7 9. Bg5 O-O 10. Qd2 Qa5 11. O-O Be6 12. Rfc1 Rfc8 13. b3 a6 14. Rab1 b5 15. b4 Qb6 16. Be3 Qb7 17. cxb5 axb5 18. f3 Bc4 19. Bxc4 Rxc4 20. Ne2 Rac8 21. Nd4 Nd7 22. Nb3 Bc3 23. Qd3 Bxb4 24. Rd1 Ne5 25. Qd5 Qxd5 26. Rxd5 Rb8 27. Nd4 Bc5 28. Kf2 e6 29. Rxc5 dxc5 30. Rxb5 Rxb5 31. Nxb5 Rc2+ 32. Kg3 Nd3 33. a4 Ra2 34. Nc3 Ra3 35. Bd2 Nb2 36. e5 Nxa4 37. Ne4 c4 38. Nf6+ Kg7 39. Ne8+ Kf8 40. Bb4+ Kxe8 41. Bxa3 Kd7 42. Kf4 Kc6 43. Kg5 Kd5 44. Kf6 Nc3 45. h4 Nb5 46. Bc1 c3 47. g4 Nd4 48. h5 gxh5 49. gxh5 Nxf3 50. h6 Nxe5 51. Kg7 f5 52. Kxh7 Ng4 53. Kg6 Nxh6 54. Bxh6 Ke4 55. Kf6 e5 56. Bc1 f4 57. Kg5 Kd3 58. Kg4 Ke2 0-1


[Site "https://www.chess.com"]

[Event "Titled Tuesday Blitz August 08 Late 2023"]
[White "Ai, Evan"]
[Black "Rakitic2010"]
[WhiteFideId "2094770"]
[WhiteElo "2320"]
[BlackElo "2471"]
[Result "1-0"]
[Round "6"]
[TimeControl "180+1"]
[Date "2023.08.08"]
[WhiteClock "0:00:11"]
[BlackClock "0:00:30"]
[Board "133"]

1. d4 c5 2. d5 Nf6 3. Nf3 e6 4. c4 exd5 5. cxd5 d6 6. Nc3 g6 7. g3 Bg7 8. Bg2 O-O 9. O-O Nbd7 10. Bf4 Nb6 11. e4 Re8 12. Nd2 Nh5 13. Be3 Bd7 14. f4 f5 15. Bf3 Nf6 16. e5 dxe5 17. fxe5 Rxe5 18. Bxc5 Nbxd5 19. Nxd5 Nxd5 20. Nc4 Nc3 21. Qb3 Be6 22. Rae1 Rxc5 23. Rxe6 Qd4+ 24. Ne3 Kh8 25. bxc3 Rxc3 26. Qxb7 Rd8 27. Qe7 Bf8 28. Qg5 Bc5 29. Rd1 Qxd1+ 30. Bxd1 Rxd1+ 31. Kg2 Rd2+ 32. Kh3 Bxe3 33. Qf6+ Kg8 34. Re8# 1-0


[Site "https://www.chess.com"]

[Event "Titled Tuesday Blitz August 08 Late 2023"]
[White "Lalanne, Pablo"]
[Black "Castro Silva, Moises Antonio"]
[WhiteFideId "112151"]
[BlackFideId "3909794"]
[WhiteElo "2318"]
[BlackElo "2431"]
[Result "1-0"]
[Round "6"]
[TimeControl "180+1"]
[Date "2023.08.08"]
[WhiteClock "0:01:33"]
[BlackClock "0:00:10"]
[Board "134"]

1. e4 c5 2. Nf3 e6 3. d4 cxd4 4. Nxd4 Nf6 5. Nc3 Nc6 6. Ndb5 Bc5 7. Bf4 O-O 8. Bc7 Qe7 9. Bd6 Bxd6 10. Qxd6 Qd8 11. O-O-O a6 12. Nd4 Nxd4 13. Qxd4 b5 14. e5 Ne8 15. Qe4 Ra7 16. Bd3 g6 17. h4 h5 18. g4 Ng7 19. gxh5 Nxh5 20. Rhg1 Qe7 21. Rg5 Bb7 22. Qe3 Raa8 23. Rxh5 b4 24. Qh6 1-0


[Site "https://www.chess.com"]

[Event "Titled Tuesday Blitz August 08 Late 2023"]
[White "Gajwa Ankit"]
[Black "Weisz, Bryan"]
[WhiteFideId "5077834"]
[BlackFideId "30934133"]
[WhiteElo "2386"]
[BlackElo "2317"]
[Result "1-0"]
[Round "6"]
[TimeControl "180+1"]
[Date "2023.08.08"]
[WhiteClock "0:01:00"]
[BlackClock "0:01:26"]
[Board "136"]

1. e4 c5 2. Nf3 e5 3. Nxe5 Qe7 4. Nf3 Qxe4+ 5. Be2 Be7 6. Nc3 Qc6 7. O-O Nf6 8. d4 cxd4 9. Nxd4 Qb6 10. a4 O-O 11. a5 Qd8 12. Bf4 d6 13. Bf3 Nc6 14. Bxc6 bxc6 15. Nxc6 Qc7 16. Nxe7+ Qxe7 17. Bxd6 Qb7 18. Bxf8 Kxf8 19. Qd8+ Ne8 20. Rfe1 Be6 21. Qd4 Qxb2 22. Qc5+ Kg8 23. Nd5 Rd8 24. Ne7+ Kh8 25. Nc6 Rd6 26. Rad1 Qe5 27. Nxe5 1-0


[Site "https://www.chess.com"]

[Event "Titled Tuesday Blitz August 08 Late 2023"]
[White "kiwibobo"]
[Black "GAO"]
[WhiteElo "2381"]
[BlackElo "2290"]
[Result "1-0"]
[Round "6"]
[TimeControl "180+1"]
[Date "2023.08.08"]
[WhiteClock "0:01:44"]
[BlackClock "0:00:53"]
[Board "137"]

1. e4 c6 2. d4 d5 3. Nc3 dxe4 4. Nxe4 Nf6 5. Nxf6+ exf6 6. c3 Bd6 7. Bd3 O-O 8. Qc2 h5 9. Ne2 Nd7 10. Be3 Re8 11. O-O-O h4 12. Qb1 a5 13. Qc2 a4 14. a3 Nf8 15. Kb1 Be6 16. c4 b5 17. d5 cxd5 18. c5 Bc7 19. Bxb5 Re7 20. Nd4 Be5 21. Nc6 Qc7 22. f4 Ree8 23. fxe5 fxe5 24. Nb4 Reb8 25. Bxa4 d4 26. Bf2 g6 27. Ka1 Bf5 28. Qb3 Ne6 29. Nd5 Rxb3 30. Nxc7 Rxa4 31. Nxe6 Bxe6 32. Rc1 Rb7 33. Bxh4 Rc7 34. Bf6 Ra5 35. Bxe5 Raxc5 36. Bxc7 1-0


[Site "https://www.chess.com"]

[Event "Titled Tuesday Blitz August 08 Late 2023"]
[White "Topalov, Aleksandar"]
[Black "Merino Garcia, Rafael II"]
[WhiteFideId "925659"]
[BlackFideId "2209128"]
[WhiteElo "2367"]
[BlackElo "2268"]
[Result "1-0"]
[Round "6"]
[TimeControl "180+1"]
[Date "2023.08.08"]
[WhiteClock "0:02:29"]
[BlackClock "0:02:28"]
[Board "138"]

1. b3 d6 2. Bb2 e5 3. d4 exd4 4. Qxd4 Nc6 5. Qf4 Be6 6. Nf3 Nf6 7. Nc3 Be7 8. O-O-O Qd7 9. e3 O-O-O 10. h3 Kb8 11. Qa4 Ne5 12. Bb5 c6 13. Nxe5 cxb5 14. Nxd7+ 1-0


[Site "https://www.chess.com"]

[Event "Titled Tuesday Blitz August 08 Late 2023"]
[White "Josgar05"]
[Black "Polaczek, Richard"]
[BlackFideId "200026"]
[WhiteElo "2248"]
[BlackElo "2361"]
[Result "0-1"]
[Round "6"]
[TimeControl "180+1"]
[Date "2023.08.08"]
[WhiteClock "0:00:10"]
[BlackClock "0:00:10"]
[Board "139"]

1. Nf3 d5 2. b3 c5 3. Bb2 Nc6 4. e3 a6 5. c4 d4 6. exd4 cxd4 7. d3 e5 8. Nbd2 f6 9. g3 Nh6 10. Bg2 Be7 11. O-O O-O 12. a3 a5 13. Re1 Bg4 14. Qc2 Qd7 15. c5 Rac8 16. Nc4 Bxc5 17. Qd2 b6 18. Bc1 Nf7 19. Rb1 Qa7 20. b4 axb4 21. axb4 Be7 22. b5 Nb8 23. Bb2 Bc5 24. Ra1 Qc7 25. Ra2 Nd7 26. Rea1 Nd6 27. Ra7 Qd8 28. Nh4 Be6 29. Bc6 Nxc4 30. dxc4 Rc7 31. Ra8 Qe7 32. Rxf8+ Nxf8 33. Qd3 Qf7 34. Ra4 g6 35. Bc1 f5 36. Bg5 e4 37. Qe2 d3 38. Qd2 Rc8 39. Qc3 Qg7 40. Bf6 Qh6 41. Ra7 d2 42. Ra1 e3 43. fxe3 Qxe3+ 44. Qxe3 Bxe3+ 45. Kg2 Bxc4 46. Nf3 Ne6 47. Ne5 Be2 48. Bd5 Re8 49. Ra8 Rxa8 50. Bxe6+ Kf8 51. Nd7+ Ke8 52. Ne5 d1=Q 53. Bf7+ Kf8 54. Be6 Qf1# 0-1


[Site "https://www.chess.com"]

[Event "Titled Tuesday Blitz August 08 Late 2023"]
[White "Vaglio Munoz, Jaime"]
[Black "Orlov, Georgi"]
[WhiteFideId "6500145"]
[BlackFideId "2011271"]
[WhiteElo "2235"]
[BlackElo "2560"]
[Result "0-1"]
[Round "6"]
[TimeControl "180+1"]
[Date "2023.08.08"]
[WhiteClock "0:00:09"]
[BlackClock "0:00:21"]
[Board "140"]

1. Nf3 Nf6 2. c4 e6 3. b3 a6 4. Bb2 b5 5. g3 Bb7 6. Bg2 c5 7. O-O Be7 8. d3 O-O 9. e4 d6 10. Nc3 bxc4 11. bxc4 Nc6 12. Rb1 Nd7 13. Ne2 Qc7 14. Nf4 Nde5 15. h4 h6 16. Nh5 g6 17. Nf4 Bf6 18. Qd2 Bg7 19. Ne2 Rab8 20. Nh2 Nb4 21. Nc1 h5 22. f4 Nd7 23. Bxg7 Kxg7 24. f5 exf5 25. exf5 Bxg2 26. Qxg2 Ne5 27. f6+ Kh7 28. a3 Nbc6 29. Rxb8 Rxb8 30. Qd2 Nd4 31. Ne2 Rb3 32. Nf4 Qb7 33. Qa5 Nef3+ 34. Nxf3 Nxf3+ 35. Kf2 Rb2+ 36. Ke3 Nh2 37. Nd5 Nxf1+ 38. Kf3 Nh2+ 39. Ke3 Qd7 40. Nf4 Ng4+ 41. Ke4 Qf5+ 42. Kf3 Rf2# 0-1


[Site "https://www.chess.com"]

[Event "Titled Tuesday Blitz August 08 Late 2023"]
[White "Berezin, Viktor"]
[Black "Fernandez Hernandez, Gerardo"]
[WhiteFideId "14107872"]
[BlackFideId "2207400"]
[WhiteElo "2472"]
[BlackElo "2229"]
[Result "1/2-1/2"]
[Round "6"]
[TimeControl "180+1"]
[Date "2023.08.08"]
[WhiteClock "0:00:17"]
[BlackClock "0:00:02"]
[Board "141"]

1. c4 e5 2. g3 Nc6 3. Bg2 f5 4. Nc3 Nf6 5. d3 Bb4 6. Bd2 O-O 7. a3 Bxc3 8. Bxc3 d6 9. e3 Be6 10. Ne2 d5 11. cxd5 Nxd5 12. O-O Qd7 13. b4 a6 14. Bb2 Rad8 15. Qc2 f4 16. exf4 exf4 17. Be4 f3 18. Nd4 Nxd4 19. Bxd4 Nxb4 20. axb4 Qxd4 21. Qxc7 Rc8 22. Qe7 Bh3 23. Rfc1 Rc2 24. Rf1 Rxf2 25. Bd5+ Qxd5 26. Rxf2 Qxd3 27. Re1 Bg2 28. Qe6+ Kh8 29. Qe8 Qd6 30. Qe4 h6 31. Rc1 b6 32. Qc4 a5 33. b5 Rd8 34. Qc6 Qd1+ 35. Rf1 Qd4+ 36. Rf2 Qd1+ 37. Rf1 Qd4+ 38. Rf2 Qd1+ 1/2-1/2


[Site "https://www.chess.com"]

[Event "Titled Tuesday Blitz August 08 Late 2023"]
[White "Biliy, Vadim"]
[Black "JERO-8914"]
[WhiteFideId "14114127"]
[WhiteElo "2223"]
[BlackElo "2448"]
[Result "0-1"]
[Round "6"]
[TimeControl "180+1"]
[Date "2023.08.08"]
[WhiteClock "0:00:00"]
[BlackClock "0:00:32"]
[Board "142"]

1. d4 Nf6 2. Nf3 c5 3. e3 g6 4. Be2 Bg7 5. O-O O-O 6. c3 d6 7. b4 Ne4 8. bxc5 dxc5 9. Nfd2 Bf5 10. Nxe4 Bxe4 11. Ba3 Nd7 12. Nd2 Bc6 13. Bf3 Bxf3 14. Qxf3 Qc7 15. Ne4 b6 16. Rac1 Rac8 17. Rfd1 Nf6 18. dxc5 Nxe4 19. Qxe4 bxc5 20. Rd5 Qa5 21. Bb2 e6 22. Rd2 Rb8 23. Qc4 h5 24. g3 Rb7 25. Kg2 Rfb8 26. Ba1 Qc7 27. Rcd1 Qc6+ 28. e4 h4 29. Kh3 Bf6 30. a4 Kg7 31. a5 Rb1 32. f3 Qc7 0-1


[Site "https://www.chess.com"]

[Event "Titled Tuesday Blitz August 08 Late 2023"]
[White "Bazzano, Sebastian"]
[Black "Davidson, Kevin"]
[WhiteFideId "104566"]
[BlackFideId "2056810"]
[WhiteElo "2222"]
[BlackElo "2363"]
[Result "0-1"]
[Round "6"]
[TimeControl "180+1"]
[Date "2023.08.08"]
[WhiteClock "0:00:00"]
[BlackClock "0:00:03"]
[Board "143"]

1. d4 Nf6 2. Bf4 g6 3. Nc3 Bg7 4. e4 d6 5. Qd2 c6 6. O-O-O b5 7. Bd3 b4 8. Nce2 Qa5 9. a3 Na6 10. Bxa6 Qxa6 11. Qxb4 Nxe4 12. Be3 O-O 13. Ng3 Nf6 14. Nf3 Bg4 15. h3 Rab8 16. Qd2 Bxf3 17. gxf3 Nd5 18. h4 Qc4 19. c3 Rb3 20. Qd3 Qxd3 21. Rxd3 Rfb8 22. Rd2 f5 23. f4 h5 24. Re1 Kf7 25. Ne2 a5 26. Ng1 Nxc3 27. Nf3 Ne4 28. Ng5+ Nxg5 29. fxg5 c5 30. dxc5 Bxb2+ 31. Kc2 Bc3 32. Rd3 Bxe1 33. Rxb3 Rxb3 34. Kxb3 dxc5 35. Bxc5 e5 36. Kc4 Ke6 37. Kb5 Kd5 38. Bb6 e4 39. Bxa5 Bxf2 40. Bb4 e3 41. a4 e2 42. a5 e1=Q 0-1


[Site "https://www.chess.com"]

[Event "Titled Tuesday Blitz August 08 Late 2023"]
[White "De Arruda, Leandro Formes"]
[Black "Guzman Moneo, Alberto"]
[WhiteFideId "22722009"]
[BlackFideId "2209616"]
[WhiteElo "2210"]
[BlackElo "2354"]
[Result "0-1"]
[Round "6"]
[TimeControl "180+1"]
[Date "2023.08.08"]
[WhiteClock "0:00:02"]
[BlackClock "0:01:27"]
[Board "144"]

1. d4 Nf6 2. Nf3 c5 3. e3 b6 4. Be2 Bb7 5. O-O d6 6. c4 g6 7. Nc3 Bg7 8. a4 Nc6 9. d5 Nb4 10. a5 O-O 11. axb6 axb6 12. Rxa8 Qxa8 13. Qa4 Qxa4 14. Nxa4 b5 15. cxb5 Ra8 16. Nb6 Ra2 17. Bc4 Ra5 18. Rd1 Ra1 19. Rf1 Nfxd5 20. Nxd5 Bxd5 21. Bxd5 Nxd5 22. Nd2 Nb6 23. e4 Ra5 24. f4 Bd4+ 25. Kh1 Rxb5 26. b3 Be3 27. Nc4 Nxc4 28. bxc4 Rb1 0-1


[Site "https://www.chess.com"]